AoeStats
← fabrycyo400

MegaRandom

509214430Analyzed
2v2 RM · 8d ago on Sep 25, 2026· 75m 7s· 4 players
Game mode
Random Map
Map size
Medium (4 player)
Population
200
Speed
Normal
Resources
Standard
Victory
Conquest
Starting age
Dark Age
Ending age
Imperial Age
RankedLock teamsTeams togetherTeam positionsShared explorationLock speedFull tech treeHidden civsTurbo modeCheats
Victory
Defeat
🇨🇴 Burmese · Colombia
612
+14
🇧🇷 Goths · Brazil
607
+14
🇺🇸 Wu · United States
637
-17
🇨🇱 Byzantines · Chile
500
-11
fabrycyo400
12:37 Feudal Age
17:46 Wheelbarrow
19:02 Double-Bit Axe
24:12 Castle Age
23:29 Stone Mining
23:37 Gold Mining
29:24 Hand Cart
33:29 Stone Shaft Mining
33:09 Bow Saw
34:42 Horse Collar
37:20 Caravan
37:56 Coinage
37:48 Anarchy
42:08 Imperial Age
40:23 Heavy Plow
40:32 Squires
42:05 Forging
41:55 Scale Mail Armor
42:01 Scale Barding Armor
41:56 Padded Archer Armor
41:47 Fletching
42:08 Pikeman
42:09 Man-at-Arms
43:25 Crop Rotation
44:00 Two-Man Saw
43:41 Perfusion
44:34 Elite Huskarl
46:45 Iron Casting
46:06 Bodkin Arrow
46:27 Leather Archer Armor
46:27 Chain Mail Armor
48:28 Blast Furnace
msimson792
0:44 Loom
12:29 Feudal Age
15:15 Wheelbarrow
14:27 Town Watch
14:30 Horse Collar
14:24 Man-at-Arms
14:50 Arson
20:51 Castle Age
20:28 Forging
20:20 Scale Mail Armor
20:51 Stone Mining
22:26 Squires
23:38 Gold Mining
24:53 Pikeman
25:20 Gambesons
28:19 Gold Shaft Mining
29:48 Heavy Plow
30:17 Fervor
30:23 Caravan
32:06 Hand Cart
32:55 Long Swordsman
35:22 Town Patrol
39:39 Husbandry
39:49 Bloodlines
42:07 Manipur Cavalry
51:40 Imperial Age
52:19 Elite Arambai
53:20 Conscription
53:00 Howdah
53:41 Howdah
59:17 Elite Battle Elephant
64:11 Cavalier
70:44 Spies/Treason
74:28 Parthian Tactics
73:26 Crossbowman
SWITCHBLADE VO
10:02 Loom
13:42 Feudal Age
14:17 Double-Bit Axe
14:16 Horse Collar
22:29 Castle Age
22:46 Bloodlines
22:30 Arson
23:46 Heavy Plow
24:01 Bow Saw
31:13 Coinage
34:50 Fletching
35:01 Padded Archer Armor
35:07 Scale Barding Armor
35:13 Forging
35:04 Scale Mail Armor
35:26 Murder Holes
38:51 Imperial Age
37:04 Wheelbarrow
37:07 Husbandry
37:31 Chain Barding Armor
37:29 Leather Archer Armor
36:40 Pikeman
37:23 Squires
39:27 Elite Fire Archer
41:02 Heavy Hei Guang Cavalry
46:26 Chemistry
46:39 Plate Barding Armor
52:13 Chain Mail Armor
52:35 Iron Casting
LewolfCC
1:03 Loom
13:39 Feudal Age
27:13 Castle Age
25:49 Wheelbarrow
25:23 Double-Bit Axe
26:08 Horse Collar
29:19 Squires
28:40 Pikeman
29:06 Arson
29:36 Forging
29:27 Scale Mail Armor
29:32 Scale Barding Armor
34:14 Heavy Plow
34:29 Bow Saw
42:46 Imperial Age
40:35 Hand Cart
43:41 Gold Mining
51:00 Iron Casting
50:41 Chain Mail Armor
50:46 Chain Barding Armor
50:45 Halberdier
57:17 Fortified Wall
57:03 Murder Holes
59:19 Conscription
Connection lost

Rejoining the realm…

Still unreachable

The connection could not be restored.

Session expired

The server has moved on; the page needs a fresh start.